TOP OF THE 1ST |
Birmingham Barons batting - Pitching for Blueville 83's : RHP David Padilla
|
Pitching: RHP David Padilla
|
|
Batting: LHB Alberto Santos
|
0-0: Bunted foul 0-1: Swinging Strike 0-2: Ball 1-2: Strikes out looking
|
Batting: RHB Carlos Vásquez
|
0-0: Swinging Strike 0-1: Swinging Strike 0-2: Ball 1-2: Foul Ball, location: 2F 1-2: Ball 2-2: Strikes out swinging
|
Batting: LHB José Rivera
|
0-0: Called Strike 0-1: Swinging Strike 0-2: Ball 1-2: Ball 2-2: Ground out 4-3 (Groundball, 4)
|
Top of the 1st over - 0 run(s), 0 hit(s), 0 error(s), 0 left on base; Birmingham 0 - Blueville 0 |
BOTTOM OF THE 1ST |
Blueville 83's batting - Pitching for Birmingham Barons : RHP Jim Baker
|
Pitching: RHP Jim Baker
|
|
Batting: SHB Bob Noble
|
0-0: Fly out, F8 (Flyball, 8RM)
|
Batting: RHB Matt Perkins
|
0-0: Swinging Strike 0-1: Foul Ball, location: 2F 0-2: Ball 1-2: Strikes out swinging
|
Batting: RHB Jorge Rodríguez
|
0-0: Ball 1-0: Ball 2-0: Foul Ball, location: 2F 2-1: Foul Ball, location: 2F 2-2: Strikes out looking
|
Bottom of the 1st over - 0 run(s), 0 hit(s), 0 error(s), 0 left on base; Birmingham 0 - Blueville 0 |
TOP OF THE 2ND |
Birmingham Barons batting - Pitching for Blueville 83's : RHP David Padilla
|
Batting: RHB Bryant von Bohlen
|
0-0: Ball 1-0: Ball 2-0: Fly out, F8 (Flyball, 8LM)
|
Batting: RHB Yujiro Kurihara
|
0-0: Foul Ball, location: 2F 0-1: Ball 1-1: Ball 2-1: Called Strike 2-2: Strikes out swinging
|
Batting: LHB Bob Jones
|
0-0: Ball 1-0: Called Strike 1-1: Called Strike 1-2: Foul Ball, location: 2F 1-2: Fly out, F3 (Popup, 3S)
|
Top of the 2nd over - 0 run(s), 0 hit(s), 0 error(s), 0 left on base; Birmingham 0 - Blueville 0 |
BOTTOM OF THE 2ND |
Blueville 83's batting - Pitching for Birmingham Barons : RHP Jim Baker
|
Batting: SHB Jack Fountain
|
0-0: Ball 1-0: Foul Ball, location: 2F 1-1: Swinging Strike 1-2: SINGLE (Groundball, 34D)
|
Batting: LHB Ricardo Romero
|
0-0: Called Strike 0-1: Ball 1-1: Ball 2-1: Foul Ball, location: 2F 2-2: 2-RUN HOME RUN (Flyball, 7D), Distance : 383 ft
|
Batting: LHB Vincente Sáenz
|
0-0: Called Strike 0-1: Ball 1-1: Ball 2-1: Foul Ball, location: 2F 2-2: Foul Ball, location: 2F 2-2: SINGLE (Line Drive, 9S)
|
Batting: LHB Ron Robinson
|
0-0: Ball 1-0: Ground out 4-3 (Groundball, 4S) Vincente Sáenz to second
|
Batting: RHB Yoshihide Takahashi
|
0-0: Ball 1-0: SINGLE (Line Drive, 89S) Vincente Sáenz to third Runner from 3rd tries for Home, SAFE, throw made home Yoshihide Takahashi to second
|
Batting: RHB Fernando Díaz
|
0-0: Swinging Strike 0-1: Swinging Strike 0-2: Strikes out looking
|
Batting: SHB Bob Noble
|
0-0: Ground out 4-3 (Groundball, 4)
|
Bottom of the 2nd over - 3 run(s), 4 hit(s), 0 error(s), 1 left on base; Birmingham 0 - Blueville 3 |
TOP OF THE 3RD |
Birmingham Barons batting - Pitching for Blueville 83's : RHP David Padilla
|
Batting: LHB Curt Walker
|
0-0: Called Strike 0-1: Foul Ball, location: 2F 0-2: Ball 1-2: Foul Ball, location: 2F 1-2: Foul Ball, location: 2F 1-2: Ball 2-2: Ground out U3 (Groundball, 3S)
|
Batting: LHB John Haney
|
0-0: Ball 1-0: Foul Ball, location: 2F 1-1: Foul Ball, location: 2F 1-2: Strikes out swinging
|
Batting: RHB Jean-Paul St-Pierre
|
0-0: Ball 1-0: Called Strike 1-1: Fly out, F8 (Flyball, 89M)
|
Top of the 3rd over - 0 run(s), 0 hit(s), 0 error(s), 0 left on base; Birmingham 0 - Blueville 3 |
BOTTOM OF THE 3RD |
Blueville 83's batting - Pitching for Birmingham Barons : RHP Jim Baker
|
Batting: RHB Matt Perkins
|
0-0: Called Strike 0-1: Called Strike 0-2: Foul Ball, location: 2F 0-2: Ball 1-2: SINGLE (Flyball, 8RS)
|
Batting: RHB Jorge Rodríguez
|
0-0: Ball 1-0: Called Strike 1-1: Foul Ball, location: 2F 1-2: Foul Ball, location: 2F 1-2: Foul Ball, location: 2F 1-2: Foul Ball, location: 2F 1-2: Strikes out looking
|
Batting: SHB Jack Fountain
|
0-0: DOUBLE (Line Drive, 89S) Matt Perkins to third
|
Batting: LHB Ricardo Romero
|
0-0: Called Strike 0-1: Ball 1-1: Foul Ball, location: 2F 1-2: Foul Ball, location: 2F 1-2: Strikes out looking
|
Batting: LHB Vincente Sáenz
|
0-0: Ground out 4-3 (Groundball, 4M)
|
Bottom of the 3rd over - 0 run(s), 2 hit(s), 0 error(s), 2 left on base; Birmingham 0 - Blueville 3 |
TOP OF THE 4TH |
Birmingham Barons batting - Pitching for Blueville 83's : RHP David Padilla
|
Batting: LHB Alberto Santos
|
0-0: Called Strike 0-1: Ball 1-1: Ball 2-1: Foul Ball, location: 2F 2-2: Ground out 4-3 (Groundball, 4)
|
Batting: RHB Carlos Vásquez
|
0-0: Called Strike 0-1: Ball 1-1: Foul Ball, location: 2F 1-2: Ball 2-2: Strikes out swinging
|
Batting: LHB José Rivera
|
0-0: Ball 1-0: Foul Ball, location: 2F 1-1: Ball 2-1: Fly out, F8 (Flyball, 8LM)
|
Top of the 4th over - 0 run(s), 0 hit(s), 0 error(s), 0 left on base; Birmingham 0 - Blueville 3 |
BOTTOM OF THE 4TH |
Blueville 83's batting - Pitching for Birmingham Barons : RHP Jim Baker
|
Batting: LHB Ron Robinson
|
0-0: Foul Ball, location: 2F 0-1: Swinging Strike 0-2: Ball 1-2: Ball 2-2: Strikes out swinging
|
Batting: RHB Yoshihide Takahashi
|
0-0: Ball 1-0: Ball 2-0: Ground out 6-3 (Groundball, 6)
|
Batting: RHB Fernando Díaz
|
0-0: Fly out, F7 (Flyball, 78D)
|
Bottom of the 4th over - 0 run(s), 0 hit(s), 0 error(s), 0 left on base; Birmingham 0 - Blueville 3 |
TOP OF THE 5TH |
Birmingham Barons batting - Pitching for Blueville 83's : RHP David Padilla
|
Batting: RHB Bryant von Bohlen
|
0-0: Ball 1-0: Called Strike 1-1: Ball 2-1: SINGLE (Flyball, 9LS)
|
Batting: RHB Yujiro Kurihara
|
0-0: Ball 1-0: Called Strike 1-1: Fly out, F9 (Flyball, 9S)
|
Batting: LHB Bob Jones
|
0-0: Fielders Choice at 2nd, 1-6 (Groundball, 13)
|
Batting: LHB Curt Walker
|
0-0: SINGLE (Flyball, 7LM) Bob Jones to second
|
Batting: LHB John Haney
|
0-0: Ball 1-0: Swinging Strike 1-1: Ball 2-1: Ball 3-1: Base on Balls Bob Jones to third Curt Walker to second
|
Batting: RHB Jean-Paul St-Pierre
|
0-0: Called Strike 0-1: Ball 1-1: Fielders Choice at 2nd, 5-4 (Groundball, 56)
|
Top of the 5th over - 0 run(s), 2 hit(s), 0 error(s), 2 left on base; Birmingham 0 - Blueville 3 |
BOTTOM OF THE 5TH |
Blueville 83's batting - Pitching for Birmingham Barons : RHP Jim Baker
|
Batting: SHB Bob Noble
|
0-0: Called Strike 0-1: Ball 1-1: Ground out 4-3 (Groundball, 4M)
|
Batting: RHB Matt Perkins
|
0-0: Ball 1-0: Swinging Strike 1-1: Foul Ball, location: 2F 1-2: Fly out, F5 (Line Drive, 5)
|
Batting: RHB Jorge Rodríguez
|
0-0: Ball 1-0: Foul Ball, location: 2F 1-1: Called Strike 1-2: Fly out, F9 (Flyball, 9S)
|
Bottom of the 5th over - 0 run(s), 0 hit(s), 0 error(s), 0 left on base; Birmingham 0 - Blueville 3 |
TOP OF THE 6TH |
Birmingham Barons batting - Pitching for Blueville 83's : RHP David Padilla
|
Batting: LHB Alberto Santos
|
0-0: Ball 1-0: Ball 2-0: Foul Ball, location: 2F 2-1: DOUBLE (Flyball, 5D)
|
Batting: RHB Carlos Vásquez
|
0-0: Called Strike 0-1: Swinging Strike 0-2: Ball 1-2: Ball 2-2: Foul Ball, location: 2F 2-2: Strikes out swinging
|
Batting: LHB José Rivera
|
0-0: Called Strike 0-1: Foul Ball, location: 2F 0-2: Ground out 3-1 (Groundball, 34S) Alberto Santos to third
|
Pitching: RHP José Ruíz
|
|
Batting: RHB Bryant von Bohlen
|
0-0: Fly out, F6 (Line Drive, 56)
|
Top of the 6th over - 0 run(s), 1 hit(s), 0 error(s), 1 left on base; Birmingham 0 - Blueville 3 |
BOTTOM OF THE 6TH |
Blueville 83's batting - Pitching for Birmingham Barons : RHP Jim Baker
|
Batting: SHB Jack Fountain
|
0-0: Swinging Strike 0-1: Swinging Strike 0-2: Ball 1-2: Strikes out swinging
|
Batting: LHB Ricardo Romero
|
0-0: Called Strike 0-1: Foul Ball, location: 2F 0-2: Fly out, F7 (Flyball, 78D)
|
Batting: LHB Vincente Sáenz
|
0-0: Ball 1-0: Swinging Strike 1-1: Ball 2-1: SINGLE (Flyball, 7S)
|
Batting: LHB Ron Robinson
|
0-0: Foul Ball, location: 2F 0-1: Ball 1-1: Ball 2-1: Swinging Strike 2-2: Foul Ball, location: 2F 2-2: Strikes out swinging
|
Bottom of the 6th over - 0 run(s), 1 hit(s), 0 error(s), 1 left on base; Birmingham 0 - Blueville 3 |
TOP OF THE 7TH |
Birmingham Barons batting - Pitching for Blueville 83's : RHP José Ruíz
|
Batting: RHB Yujiro Kurihara
|
0-0: Ball 1-0: Called Strike 1-1: Foul Ball, location: 2F 1-2: Strikes out swinging
|
Batting: LHB Bob Jones
|
0-0: Ground out 3-1 (Groundball, 34)
|
Batting: LHB Curt Walker
|
0-0: Ball 1-0: Swinging Strike 1-1: Foul Ball, location: 2F 1-2: Foul Ball, location: 2F 1-2: Foul Ball, location: 2F 1-2: Foul Ball, location: 2F 1-2: Strikes out looking
|
Top of the 7th over - 0 run(s), 0 hit(s), 0 error(s), 0 left on base; Birmingham 0 - Blueville 3 |
BOTTOM OF THE 7TH |
Blueville 83's batting - Pitching for Birmingham Barons : RHP Jim Baker
|
Batting: RHB Yoshihide Takahashi
|
0-0: Ball 1-0: Ground out 6-3 (Groundball, 6)
|
Batting: RHB Fernando Díaz
|
0-0: Ball 1-0: Ball 2-0: Swinging Strike 2-1: Foul Ball, location: 2F 2-2: Strikes out swinging
|
Batting: SHB Bob Noble
|
0-0: Called Strike 0-1: Ball 1-1: Ball 2-1: Fly out, F8 (Flyball, 8LS)
|
Bottom of the 7th over - 0 run(s), 0 hit(s), 0 error(s), 0 left on base; Birmingham 0 - Blueville 3 |
TOP OF THE 8TH |
Birmingham Barons batting - Pitching for Blueville 83's : RHP José Ruíz
|
Batting: LHB John Haney
|
0-0: Ball 1-0: Called Strike 1-1: Swinging Strike 1-2: Strikes out swinging
|
Batting: RHB Jean-Paul St-Pierre
|
0-0: Hit by Pitch
|
Pitching: LHP António Coronado
|
|
Batting: LHB Alberto Santos
|
0-0: Fielders Choice at 2nd, 4-6 (Groundball, 4)
|
Pitching: RHP Rikiya Sakurai
|
|
Batting: RHB Carlos Vásquez
|
0-0: Foul Ball, location: 2F 0-1: Foul Ball, location: 2F 0-2: Ball 1-2: Ball 2-2: Strikes out swinging
|
Top of the 8th over - 0 run(s), 0 hit(s), 0 error(s), 1 left on base; Birmingham 0 - Blueville 3 |
BOTTOM OF THE 8TH |
Blueville 83's batting - Pitching for Birmingham Barons : RHP Jim Baker
|
Pitching: RHP Ken Lyons
|
|
Batting: RHB Matt Perkins
|
0-0: Ball 1-0: Ground out 5-3 (Groundball, 56S)
|
Batting: RHB Jorge Rodríguez
|
0-0: Called Strike 0-1: Ball 1-1: Swinging Strike 1-2: Ball 2-2: SINGLE (Groundball, 56D)
|
Batting: SHB Jack Fountain
|
0-0: Ball Wild Pitch! Jorge Rodríguez to second 1-0: SINGLE (Groundball, 4M) (infield hit) Jorge Rodríguez to third
|
Pitching: LHP Richard Simpson
|
|
Batting: LHB Ricardo Romero
|
0-0: Ball 1-0: Foul Ball, location: 2F 1-1: Ball 2-1: Foul Ball, location: 2F 2-2: Strikes out swinging
|
Batting: LHB Vincente Sáenz
|
0-0: Ball 1-0: Ball 2-0: 3-RUN HOME RUN (Flyball, 89XD), Distance : 409 ft
|
Pitching: RHP Steven Browne
|
|
Batting: LHB Ron Robinson
|
0-0: SINGLE (Flyball, 89S)
|
Batting: RHB Yoshihide Takahashi
|
0-0: Called Strike 0-1: Fly out, F5 (Popup, 5S)
|
Bottom of the 8th over - 3 run(s), 4 hit(s), 0 error(s), 1 left on base; Birmingham 0 - Blueville 6 |
TOP OF THE 9TH |
Birmingham Barons batting - Pitching for Blueville 83's : RHP Rikiya Sakurai
|
Batting: LHB José Rivera
|
0-0: Ball 1-0: Ball 2-0: Ball 3-0: Called Strike 3-1: DOUBLE (Line Drive, 9LM)
|
Batting: RHB Bryant von Bohlen
|
0-0: Ball 1-0: Swinging Strike 1-1: Ground out 5-3 (Groundball, 2L) José Rivera to third
|
Batting: RHB Yujiro Kurihara
|
0-0: Swinging Strike 0-1: Ball 1-1: Ball 2-1: Foul Ball, location: 2F 2-2: Foul Ball, location: 2F 2-2: Foul Ball, location: 2F 2-2: Strikes out looking
|
Batting: LHB Bob Jones
|
0-0: Ball 1-0: Reached on error, E3 (Groundball, 34) José Rivera scores
|
Batting: LHB Curt Walker
|
0-0: Called Strike 0-1: Called Strike 0-2: Ball 1-2: Ground out U3 (Groundball, 34)
|
Top of the 9th over - 1 run(s), 1 hit(s), 1 error(s), 1 left on base; Birmingham 1 - Blueville 6 |
|